 Dungeon Crawl Stone Soup version 0.29.0-4-gdea44cf6ec (webtiles) character file.

Game seed: 12832659519829312881

97 qw the Chopper (level 4, 0/28 HPs)
             Began as a Gargoyle Fighter on Sept 10, 2022.
             Slain by an ogre
             ... wielding a +0 giant club
              (25 damage)
             ... on level 3 of the Dungeon.
             The game lasted 00:00:47 (2266 turns).

qw the Chopper (Gargoyle Fighter)                   Turns: 2266, Time: 00:00:47

Health: 0/28       AC: 12    Str: 21    XL:     4   Next: 68%
Magic:  4/4        EV:  7    Int:  9    God:
Gold:   70         SH:  4    Dex:  9    Spells: 3/3 levels left

rFire   . . .      SeeInvis .   Y - +0 war axe
rCold   . . .      Faith    .   c - +0 buckler
rNeg    + . .      Spirit   .   k - +0 chain mail
rPois   inf        Reflect  .   (no helmet)
rElec   +          Harm     .   (no cloak)
rCorr   .          Rampage  .   (no gloves)
Will    .....                   (no boots)
Stlth   ..........              (no amulet)
HPRegen 0.09/turn               (no ring)
MPRegen 0.09/turn               (no ring)

@: no status effects
A: sickness immunity, AC +3, negative energy resistance 1, electricity
resistance, torment resistance 1, petrification resistance
a: no special abilities


You were on level 3 of the Dungeon.
You visited 1 branch of the dungeon, and saw 3 of its levels.

You collected 70 gold pieces.


Innate Abilities, Weirdness & Mutations

You are immune to sickness and miasma.
Your stone body is resilient. (AC +3)
You are immune to poison.
You resist negative energy. (rN+)
You are resistant to electric shocks. (rElec)
You are resistant to unholy torment.
You are immune to petrification.


   Skills:
 - Level 3.2 Fighting
 + Level 4.3 Axes
 - Level 3.2 Armour
 - Level 3.2 Shields


You had 3 spell levels left.
You didn't know any spells.
Your spell library was empty.

Inventory:

Hand Weapons
 e - a +0 whip
 Y - a +0 war axe (weapon)
Armour
 c - a +0 buckler (worn)
 k - a +0 chain mail (worn)
Scrolls
 b - a scroll of identify
Potions
 a - a potion of haste {unknown}
 d - 2 potions of might
 f - a potion of experience {unknown}
 g - a potion of curing
 h - a potion of heal wounds
 i - 2 potions of lignification {unknown}
 j - a potion of flight {unknown}

Dungeon Overview and Level Annotations

Branches:
Dungeon (3/15)

Altars:


Message History

The goblin is moderately wounded.
The goblin hits you but does no damage. The goblin closely misses you.
You hit the goblin but do no damage.
The goblin is moderately wounded.
The goblin hits you but does no damage.
A rat comes into view.
2202 ||| STAIRDANCE You block the goblin's attack.
You climb upwards.
There is a stone staircase leading down here.
You slash the goblin!
You kill the goblin!
You start resting.
HP restored.
Done exploring.
(D) Dungeon
Where to? (* - list waypoints, Enter - D:3, ? - help)
What level of the Dungeon? (default 1, ? - help)
You climb downwards.
The rat bites you but does no damage. x2
There is a stone staircase leading up here.
You hit the rat.
You kill the rat!
You see here a rat corpse.
Found a shiny gold wand.
Enter note:
j - a metallic amethyst potion
Found a stone staircase leading up.
i - 2 metallic green potions (gained 1)
A quokka comes into view.
Found a stone staircase leading down.
The quokka moves out of view.
Enter note: An ogre comes into view. It is wielding a +0 giant club.
The ogre shouts!
You completely miss the quokka. The quokka bites you.
The quokka barely misses you.
You hit the quokka but do no damage.
The quokka bites you but does no damage.
The ogre hits you with a +0 giant club!!
Ouch! That really hurt!
You die...

#.# ###.####.#
#.# ......./.#
#.#
###.####.#####
#..
..............
..#
####.#####.#.#
#.# #.# #.#.#
#.# #.#
#.#.###r##.#
#.#
#......@...#
##.#
###.###O####
#..# #.# #.#
#.## #.# #.#
###.########.#
#.#
.............#
#.#
###.##########
.># #.# .##
#<#


You could see an ogre and a quokka.

Vanquished Creatures
  A hound (D:2)
  2 adders (D:2)
  A worm (D:2)
  A dart slug (D:2)
  4 bats
  3 endoplasms (D:1)
  3 giant cockroaches
  4 goblins
  5 hobgoblins
  3 kobolds (D:1)
  2 quokkas
  5 ball pythons
  2 frilled lizards (D:1)
  7 rats
43 creatures vanquished.

Vanquished Creatures (others)
  A withered plant (D:1)
1 creature vanquished.

Grand Total: 44 creatures vanquished

Notes
Turn   | Place    | Note
-------+----------+-------------------------------------------
     0 | D:1      | qw the Gargoyle Fighter began the quest for the Orb.
     0 | D:1      | Reached XP level 1. HP: 14/14 MP: 1/1
     0 | D:1      | 0 ||| qw: Version: 0.1-a-116-g5d60599
     0 | D:1      | 0 ||| qw: Game counter: 7684
     0 | D:1      | 0 ||| qw: Always use a shield: true
     0 | D:1      | 0 ||| qw: God list: Okawaru
     0 | D:1      | 0 ||| qw: Allow faded altars: false
     0 | D:1      | 0 ||| qw: Do Orc after D:15 true
     0 | D:1      | 0 ||| qw: Do second Lair branch before Depths: true
     0 | D:1      | 0 ||| qw: Lair rune preference: random
     0 | D:1      | 0 ||| qw: Plans: Normal, Zot, God:TSO, Crypt, Tomb, Zig,
                  | Orb
     0 | D:1      | 0 ||| PLANNING D:1-11
   110 | D:1      | Reached skill level 2 in Axes
   213 | D:1      | Reached XP level 2. HP: 19/19 MP: 2/2
   230 | D:1      | Found a faded altar of an unknown god.
   354 | D:1      | 354 ||| Stepping ~*~*~tactically~*~*~ (stealth).
   359 | D:1      | 359 ||| Stepping ~*~*~tactically~*~*~ (stealth).
   634 | D:1      | Reached skill level 3 in Axes
  1021 | D:1      | Reached XP level 3. HP: 22/23 MP: 3/3
  1190 | D:1      | 1190 ||| UPGRADING to +0 chain mail.
  1200 | D:1      | 1200 ||| DROPPING +0 scale mail.
  1201 | D:1      | 1201 ||| DROPPING ring of flight.
  1202 | D:1      | 1202 ||| READING scroll labelled YHEAPPEANA.
  1203 | D:1      | 1203 ||| READING scroll labelled BELOUMP GAUGG.
  1204 | D:1      | 1204 ||| READING scroll labelled CUADOG LEORA.
  1205 | D:1      | 1205 ||| DRINKING 2 fizzy puce potions.
  1221 | D:2      | 1221 ||| Stepping ~*~*~tactically~*~*~ (hiding).
  1453 | D:2      | 1453 ||| Stepping ~*~*~tactically~*~*~ (stealth).
  1456 | D:2      | 1456 ||| Stepping ~*~*~tactically~*~*~ (stealth).
  1481 | D:2      | 1481 ||| Stepping ~*~*~tactically~*~*~ (stealth).
  1482 | D:2      | 1482 ||| Stepping ~*~*~tactically~*~*~ (stealth).
  1483 | D:2      | 1483 ||| Stepping ~*~*~tactically~*~*~ (stealth).
  1484 | D:2      | 1484 ||| Stepping ~*~*~tactically~*~*~ (stealth).
  1507 | D:2      | 1507 ||| FLEEEEING.
  1508 | D:2      | 1508 ||| FLEEEEING.
  1509 | D:2      | 1509 ||| FLEEEEING.
  1510 | D:2      | 1510 ||| FLEEEEING.
  1511 | D:2      | 1511 ||| FLEEEEING.
  1512 | D:2      | 1512 ||| FLEEEEING.
  1513 | D:2      | 1513 ||| FLEEEEING.
  1514 | D:2      | 1514 ||| FLEEEEING.
  1515 | D:2      | 1515 ||| FLEEEEING.
  1516 | D:2      | 1516 ||| FLEEEEING.
  1517 | D:2      | 1517 ||| FLEEEEING.
  1518 | D:2      | 1518 ||| FLEEEEING.
  1519 | D:2      | 1519 ||| FLEEEEING.
  1520 | D:2      | 1520 ||| FLEEEEING.
  1521 | D:2      | 1521 ||| FLEEEEING.
  1522 | D:2      | 1522 ||| FLEEEEING.
  1523 | D:2      | 1523 ||| FLEEEEING.
  1524 | D:2      | 1524 ||| FLEEEEING.
  1525 | D:2      | 1525 ||| FLEEEEING.
  1526 | D:2      | 1526 ||| STAIRDANCE
  1574 | D:1      | 1574 ||| READING scroll labelled YMIAVVYENE.
  1778 | D:2      | Reached skill level 4 in Axes
  1778 | D:2      | Reached XP level 4. HP: 26/28 MP: 4/4
  2169 | D:2      | 2169 ||| READING scroll labelled HEDOWESCHOA.
  2170 | D:2      | 2170 ||| DRINKING 2 bubbling pink potions.
  2202 | D:3      | 2202 ||| STAIRDANCE
  2262 | D:3      | Noticed an ogre
  2266 | D:3      | Slain by an ogre

Levels and vault maps discovered:
D:1:      roderic_octagonal_star, layout_loops_ring,
          ebering_ecumenical_altar_petrified
D:2:      layout_basic, minmay_crystal_room, minmay_hexomino_f4
D:3:      layout_loops_ring, nicolae_overflow_crystal_walls, old_standard_altar,
          uniq_terence

Skill      XL: |  1  2  3 |
---------------+----------+-----
Axes           | 2 3 4 |  4.3
Fighting       | |  3.2
Armour         | |  3.2
Shields        | |  3.2

Action                   |  1- 3 |  4- 6 || total
-------------------------+-------+-------++-------
Melee: War axe           |   109 |    27 ||   136
  Use: Scroll            |     4 |     1 ||     5
       Potion            |     1 |     1 ||     2
Armor: Scale mail        |    23 |       ||    23
       Chain mail        |    24 |    22 ||    46
Dodge: Dodged            |    52 |     6 ||    58
Block: Buckler           |    18 |     2 ||    20

Table legend:
 A = Non-vault XP
 B = Vault XP
 C = Vault XP percentage of total XP
 D = Non-vault monster count
 E = Vault monster count
 F = Vault count percentage of total count
                 A         B        C        D         E       F
            +---------+---------+-------+---------+---------+-------
      Total |     133 |       6 |   4.3 |      40 |       3 |   7.0
            +---------+---------+-------+---------+---------+-------
        D:1 |      36 |       0 |   0.0 |      22 |       0 |   0.0
        D:2 |      96 |       6 |   5.9 |      17 |       3 |  15.0
        D:3 |       1 |       0 |   0.0 |       1 |       0 |   0.0
            +---------+---------+-------+---------+---------+-------
